 Dungeon Crawl Stone Soup version 0.31-a0-549-gf98fd537a9 (webtiles) character file.

Game seed: 9041274707112409331

3220 MacCMillion the Tainter (level 9, -19/52 HPs)
             Began as a Tengu Venom Mage on Aug 16, 2023.
             Was a Believer of Vehumet.
             Killed by an exploding shadow (44 damage)
             ... ignited by their inner flame
             ... on level 8 of the Dungeon.
             The game lasted 00:30:31 (12461 turns).

MacCMillion the Tainter (Tengu Venom Mage)         Turns: 12461, Time: 00:30:31

Health: -19/52     AC:  6    Str:  9    XL:     9   Next: 97%
Magic:  28/28      EV: 16    Int: 25    God:    Vehumet [**....]
Gold:   480        SH:  0    Dex: 15    Spells: 7/20 levels left

rFire   . . .        y - +1 dagger (holy)
rCold   . . .        (no shield)
rNeg    . . .        D - +0 steam dragon scales
rPois   .            (helmet restricted)
rElec   .            (no cloak)
rCorr   .            j - +0 pair of gloves
SInv    .            (boots unavailable)
Will    .....        (no amulet)
Stlth   ++           d - +6 ring of intelligence
HPRegen 0.28/turn    u - ring of magical power
MPRegen 0.21/turn

%: no passive effects
@: flying quickly and evasively, quick
A: beak, talons 3, nimble flight
a: Renounce Religion


You were on level 8 of the Dungeon.
You worshipped Vehumet.
Vehumet was pleased with you.
You visited 2 branches of the dungeon, and saw 10 of its levels.

You collected 480 gold pieces.

Inventory:

Hand Weapons
 o - a +4 short sword
 t - a +2 short sword of venom
 y - a +1 dagger of holy wrath (weapon)
Missiles
 k - 4 throwing nets
Armour
 a - a +0 robe
 j - a +0 pair of gloves (worn)
 m - a +0 leather armour
 D - +0 steam dragon scales (worn)
 G - a +0 leather armour of willpower
Jewellery
 d - a +6 ring of intelligence (left hand)
 u - a ring of magical power (right hand)
 v - a +6 ring of intelligence
 E - a +4 ring of protection
Wands
 w - a wand of roots (8)
 B - a wand of acid (10)
 F - a wand of polymorph (15)
Scrolls
 c - 3 scrolls of noise
 h - 2 scrolls of blinking
 i - a scroll of acquirement {unknown}
 n - a scroll of immolation
 q - a scroll of torment {unknown}
 r - a scroll of amnesia {unknown}
 s - a scroll of enchant armour {unknown}
 x - 2 scrolls of enchant weapon {unknown}
 A - a scroll of identify
Potions
 b - a potion of magic
 e - 2 potions of heal wounds {unknown}
 f - 8 potions of curing
 g - 3 potions of mutation
 l - a potion of invisibility {unknown}
 p - a potion of degeneration {unknown}
 z - a potion of haste {unknown}
 C - 2 potions of might {unknown}


   Skills:
 + Level 3.9 Fighting
 + Level 4.9 Dodging
 - Level 2.0 Stealth
 - Level 6.0 Spellcasting
 - Level 3.0 Conjurations
 - Level 1.0 Transmutations
 + Level 2.6 Fire Magic
 - Level 5.0 Air Magic
 + Level 9.7 Poison Magic


You had 7 spell levels left.
You knew the following spells:

 Your Spells              Type           Power      Damage    Failure   Level
a - Sting                 Tmut/Pois      100%       1d8       1%          1
b - Poisonous Vapours     Pois/Air       88%        N/A       1%          2
c - Mephitic Cloud        Conj/Pois/Air  37%        N/A       1%          3
d - Olgreb's Toxic Radia  Pois           54%        N/A       1%          4
e - Ignite Poison         Fire/Tmut/Pois 29%        N/A       3%          3

Your spell library contained the following spells:

 Spells                   Type           Power      Damage    Failure   Level
 Sandblast                Erth           14%        2d6       8%          1
 Magic Dart               Conj           88%        1d7       2%          1
 Apportation              Tloc           14%        N/A       8%          1
 Necrotise                Necr           28%        1d5       8%          1
 Summon Small Mammal      Summ           28%        N/A       8%          1
 Wereblood                Tmut           12%        N/A       8%          2
 Sublimation of Blood     Necr           7%         N/A       11%         2
 Sticky Flame             Conj/Fire      21%        2d4       24%         4
 Summon Hydra             Summ           3%         N/A       100%        7
 Ignition                 Fire           10%        3d5       100%        8


Dungeon Overview and Level Annotations

Branches:
Dungeon (9/15)             Temple (1/1) D:6
   Lair: D:8-11         Orc: D:9-12

Altars:
Ashenzari
Cheibriados
Dithmenos
Fedhas
Hepliaklqana
Kikubaaqudgha
Makhleb
Nemelex Xobeh
Okawaru
Qazlal
Ru
Sif Muna
Trog
Uskayaw
Vehumet
Xom
Yredelemnul
Zin

Shops:
D:1 !

Annotations:
D:3 Terence
D:5 exclusion: ice beast
D:8 1 runed translucent door, Kiciri's ghost, novice DrSh
D:9 exclusion: water moccasin


Innate Abilities, Weirdness & Mutations

You have a beak for a mouth.
You have claws for feet.
Your magical nature lets you fly swiftly and evasively.


Message History

The spriggan shouts!
Kiciri's ghost screams, "I'll kill anyone who wants the ORB!"
Things that are here:
a +0 chain mail; a +0 short sword
Things that are here:
a +0 dagger; a +0 leather armour; a +0 whip You see here a +0 club.
You see here a +0 whip.
You see here a +0 club.
A shadow is nearby!
The shadow slips into darkness.
The shadow flickers and vanishes!
Deactivating autopickup; reactivate with Ctrl-A.
No target in view!
You barely miss something. You claw something.
The shadow strikes at you from the darkness!
Reactivating autopickup.
You closely miss the shadow. Your kick misses the shadow.
Your peck misses the shadow. The shadow closely misses you.
You hit the shadow.
The shadow convulses.
You punch the shadow, but do no damage.
The shadow is moderately damaged.
The shadow slips into darkness.
The shadow flickers and vanishes!
Deactivating autopickup; reactivate with Ctrl-A.
You hit something. Your kick misses something. Your peck misses something.
The shadow strikes at you from the darkness!
Reactivating autopickup.
As you read the scroll labelled JOLUELEVIO, it crumbles to dust.
The creatures around you are filled with an inner flame!
It was a scroll of immolation.
The shadow hits you.
You completely miss the shadow.
Flame seeps out of the shadow.
You peck the shadow.
The shadow is heavily damaged.
The shadow is engulfed in blazing flames.
Vehumet accepts your kill.
The shadow explodes!
The fiery explosion engulfs you!!!
Ouch! That really hurt!
You die...

##*##
*************##.,.#
*,,,,,,,,,,,,,..#.#
*,*****,*******...* *,*
*,* *#.#* ,,* *,* #@#
*** *,* #○# *******†*
#.### ,,,,,,,,* #...##
*******,* #.#..# *,*
#.##.## *,* #.#P.P#
######
*,*******###≈.≈####....#
*,,,,,,,###≈≈.≈≈##.♣.♣.#


There were no monsters in sight!

Vanquished Creatures
  Maggie (D:7)
  A hornet (D:9)
  A shadow (D:8)
  A yak (D:5)
  2 steam dragons
  An acid dragon (D:8)
  An orc warrior (D:8)
  A black bear (D:4)
  2 ice beasts (D:7)
  A centaur (D:7)
  3 kobold brigands
  A phantom (D:6)
  2 gnoll sergeants (D:8)
  3 wights
  4 howler monkeys
  An electric eel (D:8)
  A lava snake (D:8)
  2 jellies
  A hound (D:7)
  9 orc priests
  4 iguanas
  A sleepcap (D:7)
  5 orc wizards
  A mummy (D:4)
  11 gnolls
  11 adders
  2 shadow imps
  3 ufetubi
  2 worms
  A dart slug (D:1)
  30 orcs
  3 bats (D:2)
  4 endoplasms
  5 giant cockroaches
  6 hobgoblins
  4 jackals (D:4)
  6 quokkas
  7 ball pythons
  3 frilled lizards
  9 goblins
  21 kobolds
  3 rats (D:2)
181 creatures vanquished.

Notes
Turn   | Place    | Note
-------+----------+-------------------------------------------
     0 | D:1      | MacCMillion the Tengu Venom Mage began the quest for the
                  | Orb.
     0 | D:1      | Reached XP level 1. HP: 10/10 MP: 4/4
    64 | D:1      | Reached skill level 1 in Transmutations
   261 | D:1      | Reached XP level 2. HP: 15/15 MP: 3/6
   353 | D:1      | Found Nituhyg's Distillery.
  1128 | D:2      | Reached skill level 4 in Poison Magic
  1128 | D:2      | Reached XP level 3. HP: 19/19 MP: 4/7
  1300 | D:2      | Learned a level 2 spell: Poisonous Vapours
  1304 | D:2      | Learned a level 3 spell: Mephitic Cloud
  1735 | D:2      | Reached skill level 1 in Air Magic
  1827 | D:2      | Reached XP level 4. HP: 24/24 MP: 6/8
  2461 | D:3      | Identified the +3 scale mail of Baocvydula {rElec Dex-3
                  | Slay+2 SInv}
  3090 | D:3      | Noticed Terence
  3194 | D:3      | Found a glowing silver altar of Zin.
  3377 | D:4      | Found a snail-covered altar of Cheibriados.
  3406 | D:4      | Noticed a black bear
  3461 | D:4      | Reached skill level 5 in Poison Magic
  3461 | D:4      | Gained mutation: Your magical nature lets you fly swiftly
                  | and evasively. [Tengu growth]
  3461 | D:4      | Reached XP level 5. HP: 24/28 MP: 1/9
  3473 | D:4      | Killed a black bear
  3742 | D:4      | Reached XP level 6. HP: 28/32 MP: 7/10
  3902 | D:4      | Found a shimmering altar of Xom.
  4401 | D:5      | Entered Level 5 of the Dungeon
  4769 | D:5      | Reached skill level 5 in Air Magic
  4769 | D:5      | Reached skill level 6 in Poison Magic
  4840 | D:5      | Noticed a yak
  4935 | D:5      | Killed a yak
  4936 | D:5      | Reached XP level 7. HP: 36/36 MP: 11/11
  5178 | D:5      | Reached skill level 7 in Poison Magic
  5384 | D:5      | Reached skill level 1 in Conjurations
  6051 | D:6      | Found a staircase to the Ecumenical Temple.
  6062 | Temple   | Entered the Ecumenical Temple
  6071 | Temple   | Became a worshipper of Vehumet
  6465 | D:6      | Found a shimmering blue altar of Sif Muna.
  6523 | D:6      | Got Sif Muna's Notes on the Salvo
  7068 | D:6      | Found an iron altar of Okawaru.
  7119 | D:7      | Reached XP level 8. HP: 22/41 MP: 14/14
  7981 | D:7      | Reached skill level 5 in Spellcasting
  8343 | D:7      | Reached * piety under Vehumet
  8343 | D:7      | Offered knowledge of Kiss of Death by Vehumet.
  8425 | D:7      | Noticed Maggie
  8693 | D:7      | Killed Maggie
  8694 | D:7      | Reached skill level 8 in Poison Magic
  8694 | D:7      | Reached XP level 9. HP: 45/45 MP: 19/19
  9591 | D:7      | Reached skill level 1 in Fighting
  9763 | D:7      | Reached skill level 9 in Poison Magic
 10118 | D:8      | Learned a level 4 spell: Olgreb's Toxic Radiance
 10122 | D:8      | Learned a level 3 spell: Ignite Poison
 10964 | D:8      | Found a runed translucent door.
 11011 | D:8      | Reached skill level 1 in Fire Magic
 11446 | D:8      | Identified the +5 spear of the Growing Whale {pain, rPois}
 11452 | D:8      | Noticed Kiciri's ghost (novice DrSh)
 12004 | D:9      | Noticed a hornet
 12011 | D:9      | Killed a hornet
 12026 | D:9      | Offered knowledge of Sandblast by Vehumet.
 12026 | D:9      | Reached ** piety under Vehumet
 12461 | D:8      | Killed by an exploding shadow... ignited by their inner
                  | flame

Illustrated notes

Levels and vault maps discovered:
D:1:      dpeg_arrival_erosion, layout_basic, serial_shops, shop, serial_glass,
          glass_columns_a, glass_columns_b, feat_on_display
D:2:      minmay_razor_zed, layout_loops_ring
D:3:      layout_basic, lemuel_round_altar, uniq_terence
D:4:      layout_rooms, dk_xom_monty_hall, slow_altar_1
D:5:      layout_basic
D:6:      layout_basic, lemuel_tele_altar, led_sif_book,
          minmay_temple_entry_stoned_glass
D:7:      layout_basic, uniq_maggie
D:8:      layout_loops_ring, ebering_ghost_funeral_grove, nicolae_water_bricks,
          dreamdust_princess_bridge, nicolae_lava_and_water
D:9:      layout_cave_pods, kennysheep_little_box,
          lemuel_coloured_pillars_altar, due_lair_maze_entry_diamond,
          hiddenorc1_lemuel, onia_ninara_dug_in_and_dangerous, uniq_erolcha
Temple:   dshaligram_water_room_temple

Skill      XL: |  1  2  3  4  5  6  7  8  9 |
---------------+----------------------------+-----
Transmutations | 1 |  1.0
Poison Magic   | 4 5 6 7 8 9 |  9.7
Air Magic      | 1 2 4 5 |  5.0
Conjurations   | 3 |  3.0
Spellcasting   | 3 6 |  6.0
Fighting       | 3 |  3.9
Dodging        | 4 |  4.9
Fire Magic     | 2 |  2.6
Stealth        | |  2.0

Action                     |  1- 3 |  4- 6 |  7- 9 || total
---------------------------+-------+-------+-------++-------
  Melee: Unarmed           |     1 |       |       ||     1
         Short sword       |       |    26 |    31 ||    57
         Kick              |       |     5 |    40 ||    45
         Peck              |       |     4 |    18 ||    22
         Dagger            |       |       |    76 ||    76
         Punch             |       |       |     2 ||     2
   Cast: Sting             |    62 |    74 |    52 ||   188
         Poisonous Vapours |       |    21 |   106 ||   127
         Mephitic Cloud    |       |       |     3 ||     3
         Olgreb's Toxic Ra |       |       |     7 ||     7
         Ignite Poison     |       |       |     6 ||     6
    Use: Scroll            |       |       |     5 ||     5
   Stab: Sleeping          |       |       |     2 ||     2
 Armour: Robe              |     6 |     2 |       ||     8
         Leather armour    |       |    15 |     6 ||    21
         Steam dragon scal |       |       |     8 ||     8
  Dodge: Dodged            |    25 |    52 |    75 ||   152

Table legend: (Time is in decaauts)
 A = Elapsed time spent in this place.
 B = Non-inter-level travel time spent in this place.
 C = Inter-level travel time spent in this place.
 D = Time resting spent in this place.
 E = Time spent auto-exploring this place.
 F = Levels seen in this place.
 G = Mean time per level.
                   A        B        C        D        E       F      G
               +--------+--------+--------+--------+--------+-----+--------+
         Total |  11962 |  11361 |    601 |   3594 |   5266 |  10 | 1196.2 |
       Dungeon |  11945 |  11344 |    601 |   3594 |   5266 |   9 | 1327.2 |
        Temple |     17 |     17 |      0 |      0 |      0 |   1 |   17.0 |
               +--------+--------+--------+--------+--------+-----+--------+

Top non-repeatable levels by time:
     D:7: 3182 daAuts
     D:2: 1511 daAuts
     D:5: 1438 daAuts
     D:8: 1437 daAuts
     D:6: 1384 daAuts
     D:3: 1072 daAuts
     D:1: 933 daAuts
     D:4: 840 daAuts
     D:9: 145 daAuts
  Temple: 17 daAuts
